Map: 国王藏宝地-天梯版

Players

Probe

  • Race: Protoss Protoss
  • League: Platinum

iAsonu - Winner!

  • Race: Zerg Zerg

Event: WESG 2018 Grand Finals

VOD

Have the link to the VOD?

Description

Time

  • Played on: March 12, 2019, 4:39 a.m.
  • Length: 8:05

All games in this series

Show
View Real Time Build Order
Export as new Build Order

Probe Protoss 

Build Orders: 1 Gate Expand, Oracle Opening, Phoenix Opening, Mass Phoenix 

Get SALT Encoding   

  12  0:00  Probe  
  13  0:13  Probe  
  14  0:19  Pylon  
  14  0:25  Probe  
  15  0:29  Assimilator  
  15  0:33  Probe  
  15  0:41  Probe  
  16  0:48  Gateway  
  17  0:51  Probe  
  18  1:03  Probe  
  19  1:15  Probe  
  20  1:25  Nexus  
  20  1:35  Cybernetics Core  
  20  1:37  Probe  
  21  1:45  Assimilator  
  21  1:49  Probe  
  21  1:54  Pylon  
  22  2:02  Probe  
  22  2:03  Adept  
  23  2:10  Probe  
  26  2:16  Stargate  
  26  2:20  Probe  
  26  2:21  Warp Gate  
  27  2:30  Probe  
  27  2:32  Adept  
  27  2:33  Probe  
  30  2:41  Probe  
  30  2:42  Probe  
  33  2:52  Probe  
  33  2:54  Probe  
  35  3:01  Phoenix  
  35  3:02  Probe  
  35  3:04  Probe  
  38  3:06  Pylon  
  38  3:10  Probe  
  39  3:16  Probe  
  41  3:20  Probe  
  41  3:25  Oracle  
  45  3:28  Probe  
  45  3:30  Assimilator  
  45  3:31  Assimilator  
  45  3:33  Probe  
  47  3:36  Gateway  
  48  3:41  Probe  
  48  3:44  Pylon  
  48  3:46  Probe  
  48  3:48  Stargate  
  49  3:53  Probe, Phoenix  
  50  3:58  Probe  
  53  4:05  Probe  
  53  4:07  Pylon  
  54  4:10  Probe  
  55  4:17  Probe  
  55  4:18  Adept  
  55  4:20  Phoenix  
  55  4:22  Probe  
  61  4:24  Pylon  
  61  4:29  Probe  
  62  4:32  Phoenix  
  62  4:34  Adept, Probe  
  67  4:43  Phoenix  
  67  4:44  Probe  
  67  4:45  Pylon  
  68  4:46  Probe  
  68  4:50  Phoenix  
  71  4:56  Probe  
  72  5:05  Nexus  
  72  5:09  Shield Battery  
  72  5:12  Phoenix  
  73  5:18  Phoenix  
  76  5:22  Robotics Facility  
  76  5:28  Robotics Facility  
  76  5:29  Probe x2  
  78  5:38  Pylon  
  78  5:42  Gateway  
  78  5:45  Probe x2, Gateway  
  80  5:50  Sentry x2  
  80  5:53  Pylon  
  84  5:58  Immortal  
  84  6:00  Probe x2  
  84  6:06  Immortal  
  84  6:10  Pylon  
  88  6:12  Probe  
  88  6:18  Probe  
  94  6:20  Probe  
  94  6:22  Probe  
  96  6:30  Probe x2  
  97  6:32  Probe  
  97  6:37  Immortal  
  105  6:48  Immortal  
  105  6:51  Zealot  
  105  6:52  Zealot x3  
  115  6:55  Pylon  
  115  6:56  Shield Battery  
  115  6:57  Pylon  
  115  7:05  Shield Battery  
  115  7:07  Shield Battery  
  115  7:09  Shield Battery  
  115  7:12  Sentry  
  115  7:13  Sentry x2, Zealot  
  121  7:20  Shield Battery  
  121  7:22  Immortal  
  103  7:35  Zealot  
  103  7:36  Zealot x3  
  72  7:56  Zealot x4  
Show
View Real Time Build Order
Export as new Build Order

iAsonu Zerg - Winner!

Build Orders: Hatch First 

Get SALT Encoding   

  12  0:01  Drone  
  13  0:13  Overlord  
  13  0:18  Drone  
  14  0:31  Drone x2  
  16  0:35  Drone  
  17  0:53  Hatchery  
  17  0:55  Drone  
  17  0:58  Drone  
  18  1:09  Extractor  
  17  1:14  Spawning Pool  
  17  1:17  Drone  
  17  1:20  Drone  
  18  1:29  Drone  
  19  1:39  Drone  
  20  1:46  Hatchery  
  19  1:50  Drone  
  20  2:04  Queen, Drone  
  23  2:11  Queen  
  25  2:16  Drone  
  25  2:21  Overlord  
  26  2:26  Drone  
  26  2:29  Drone  
  28  2:34  Metabolic Boost  
  28  2:39  Zergling x4  
  30  2:44  Queen  
  30  2:48  Drone  
  30  2:50  Drone  
  34  2:56  Drone x2  
  36  3:02  Queen  
  38  3:07  Overlord  
  38  3:12  Drone  
  39  3:15  Drone x2  
  39  3:18  Drone  
  42  3:21  Overlord  
  42  3:27  Drone x3  
  42  3:33  Drone  
  46  3:35  Overlord  
  46  3:37  Drone  
  46  3:38  Drone  
  48  3:41  Drone x2  
  50  3:48  Overlord  
  50  3:49  Lair  
  50  3:53  Spore Crawler  
  50  3:55  Drone x2  
  51  3:58  Drone x2  
  51  4:01  Spore Crawler, Drone  
  53  4:05  Overlord  
  53  4:06  Drone  
  53  4:08  Drone  
  55  4:13  Zergling x6  
  58  4:18  Overlord  
  58  4:23  Overlord  
  58  4:25  Drone  
  58  4:26  Drone x4  
  58  4:30  Drone x3  
  66  4:33  Overlord  
  66  4:40  Extractor x2  
  66  4:42  Drone x6  
  66  4:45  Extractor  
  69  4:46  Overlord  
  69  4:47  Drone  
  69  4:54  Hydralisk Den  
  69  4:57  Drone x3  
  69  4:58  Overlord  
  69  4:59  Extractor  
  70  5:04  Overlord  
  70  5:06  Drone x2  
  72  5:10  Overlord  
  72  5:19  Overlord  
  72  5:22  Hydralisk x4  
  72  5:24  Hydralisk  
  82  5:29  Hydralisk  
  82  5:33  Hydralisk  
  86  5:38  Hydralisk x2  
  86  5:42  Hydralisk  
  92  5:50  Grooved Spines  
  92  5:52  Overlord  
  92  5:56  Hydralisk x2  
  90  6:02  Zergling x2  
  90  6:03  Zergling x14  
  98  6:07  Hydralisk, Extractor  
  98  6:10  Hydralisk  
  100  6:12  Baneling Nest, Zergling x2  
  100  6:13  Zergling x6  
  100  6:15  Hatchery  
  102  6:20  Hydralisk x2  
  102  6:24  Overlord  
  106  6:30  Hydralisk  
  106  6:31  Hydralisk  
  110  6:34  Hydralisk x3  
  116  6:41  Zergling x14  
  122  6:49  Zergling x6  
  123  6:55  Zergling x2  
  123  6:56  Baneling  
  123  6:57  Baneling x14  
  123  6:58  Zergling x2  
  125  7:03  Evolution Chamber  
  125  7:04  Zergling x2  
  125  7:05  Baneling x3  
  125  7:06  Zergling x6  
  128  7:15  Zergling x12  
  129  7:19  Hydralisk  
  124  7:24  Hydralisk x3  
  124  7:29  Zergling x4  
  116  7:38  Zergling x16  
  120  7:47  Zergling x4  
Tags
 
Add a new tag
Caveats
  • Supply blocks, unpowered buildings, or Contaminate may cause inaccurate times.
  • Supply counts are checked every 10 seconds.